 Dungeon Crawl Stone Soup version 0.20.1-1-g8b1a95d (webtiles) character file.

21 Reeggar the Magician (level 2, -5/19 HPs)
             Began as a Demonspawn Wizard on Oct 12, 2017.
             Slain by Natasha (7 damage)
             ... on level 2 of the Dungeon.
             The game lasted 00:08:51 (1414 turns).

Reeggar the Magician (Demonspawn Wizard)            Turns: 1414, Time: 00:08:51

Health: -5/19      AC:  4    Str:  7    XL:     2   Next: 65%
Magic:  2/6        EV: 12    Int: 19    God:
Gold:   24         SH:  0    Dex: 11    Spells: 2/7 levels left

rFire    . . .     SeeInvis .   i - +0 club
rCold    . . .     Gourm    .   (no shield)
rNeg     . . .     Faith    .   a - +0 robe
rPois    .         Spirit   .   b - +0 hat
rElec    .         Reflect  .   (no cloak)
rCorr    .         Harm     .   (no gloves)
MR       .....                  (no boots)
Stlth    ++........             (no amulet)
Regen    0.1/turn               (no ring)
MPRegen  0.1/turn               (no ring)

@: slowed, very slow
A: slimy green scales 1
a: no special abilities


You were on level 2 of the Dungeon.
You were not hungry.

You visited 1 branch of the dungeon, and saw 2 of its levels.

You collected 24 gold pieces.

Inventory:

Hand Weapons
 i - a +0 club (weapon)
Armour
 a - a +0 robe (worn)
 b - a +0 hat (worn)
Jewellery
 l - an uncursed ring of magical power {unknown}
Scrolls
 e - 2 scrolls of remove curse
 m - a scroll of enchant armour {unknown}
Potions
 h - a potion of curing
 j - a potion of brilliance
 k - a potion of heal wounds {unknown}
Books
 c - a book of Minor Magic

   Spells                             Type                      Level
   a - Magic Dart                     Conjuration                  1
   b - Blink                          Translocation                2
   c - Call Imp                       Summoning                    2
   d - Slow                           Hexes                        2
   e - Conjure Flame                  Conjuration/Fire             3
   f - Mephitic Cloud                 Conjuration/Poison/Air       3
Comestibles
 d - a bread ration
 g - a royal jelly


   Skills:
 * Level 0.1 Maces & Flails
 + Level 2.0 Dodging
 - Level 1.9 Stealth
 + Level 3.2 Spellcasting
 + Level 1.4 Conjurations
 * Level 1.3 Summonings
 * Level 1.0 Translocations


You had 2 spell levels left.
You knew the following spells:

 Your Spells              Type           Power        Failure   Level  Hunger
a - Magic Dart            Conj           #...         9%          1    None
b - Blink                 Tloc           N/A          14%         2    ##.....
c - Call Imp              Summ           #.......     13%         2    ##.....


Dungeon Overview and Level Annotations

Branches:
Dungeon (2/15)

Altars:

Annotations:
D:2 Natasha


Innate Abilities, Weirdness & Mutations

You are partially covered in slimy green scales. (AC +2)


Message History

Confirm with . or Enter, or press ? or * to list all spells.
You don't have enough magic to cast that spell.
Natasha stares at you and mumbles some strange words.
The magic dart hits you!
The crimson imp blinks!
Natasha casts a spell at you.
You feel yourself slow down.
Natasha casts a spell.
Natasha casts a spell at you. You resist with significant effort.
Natasha casts a spell at you.
You feel as though you will be slow longer.
Natasha casts a spell at you. The magic dart hits you!
* * * LOW HITPOINT WARNING * * *
Natasha howls an incantation.
Natasha glows brightly for a moment.
Natasha closely misses you. Natasha claws you!
You die...

...... ....## .....
#...# ### #...# #<#
#...# #.# #
#...#######.##.##
#.....5h@.......#.#
#..########........
#.5.....$.....?....
#.###############.#
#. # #. #. #. ..


You could see Natasha and a shadow imp.

Vanquished Creatures
  A dart slug (D:1)
  A leopard gecko (D:1)
  3 bats (D:1)
  2 giant cockroaches (D:1)
  A goblin (D:1)
  3 hobgoblins (D:1)
  2 frilled lizards (D:1)
  A kobold (D:1)
  5 rats (D:1)
19 creatures vanquished.

Notes
Turn   | Place    | Note
-------+----------+-------------------------------------------
     0 | D:1      | Reeggar the Demonspawn Wizard began the quest for the Orb.
     0 | D:1      | Reached XP level 1. HP: 13/13 MP: 4/4
   517 | D:1      | Gained mutation: You are partially covered in slimy green scales. (AC +2) [demonic ancestry]
   517 | D:1      | Reached XP level 2. HP: 19/19 MP: 0/6
   554 | D:1      | Learned a level 2 spell: Blink
   557 | D:1      | Learned a level 2 spell: Call Imp
   765 | D:1      | Reached skill level 1 in Translocations
  1390 | D:2      | Noticed Natasha
  1398 | D:2      | Noticed a crimson imp
  1414 | D:2      | Slain by Natasha

Skill      XL: |  1  2 |
---------------+-------+-----
Dodging        | 2 |  2.0
Translocations | 1 |  1.0
Maces & Flails | |  0.1
Stealth        | |  1.9
Spellcasting   | |  3.2
Conjurations   | |  1.4
Summonings     | |  1.3

Action                   || total
-------------------------++-------
Melee: Unarmed           ||     6
       Club              ||    13
 Cast: Magic Dart        ||    53
  Use: Scroll            ||     3
  Eat: Chunk             ||     1
Armor: Robe              ||     6
Dodge: Dodged            ||    28
